 Dungeon Crawl Stone Soup version 0.25.0-37-gb73750e0fb (webtiles) character file.

Game seed: 5406412021471721270

56 funkygono the Conjurer (level 3, 0/27 HPs)
             Began as a Draconian Conjurer on July 9, 2020.
             Slain by Sigmund
             ... wielding a +0 scythe of distortion
              (10 damage)
             ... on level 3 of the Dungeon.
             The game lasted 00:03:39 (2271 turns).

funkygono the Conjurer (Draconian Conjurer)         Turns: 2271, Time: 00:03:39

Health: 0/27       AC:  6    Str: 10    XL:     3   Next: 71%
Magic:  0/6        EV: 12    Int: 16    God:
Gold:   135        SH:  0    Dex: 11    Spells: 4/7 levels left

rFire    . . .     SeeInvis .   i - +0 whip
rCold    . . .     Gourm    .   (no shield)
rNeg     . . .     Faith    .   (armour unavailable)
rPois    .         Spirit   .   (helmet restricted)
rElec    .         Reflect  .   (no cloak)
rCorr    .         Harm     .   j - +0 pair of gloves
MR       .....                  (no boots)
Stlth    +.........             (no amulet)
HPRegen  0.09/turn              (no ring)
MPRegen  0.10/turn              (no ring)

@: confused, very slightly contaminated
A: unfitting armour, cold-blooded, AC +5
a: no special abilities


You were on level 3 of the Dungeon.
You were not hungry.

You visited 1 branch of the dungeon, and saw 3 of its levels.

You collected 135 gold pieces.

Inventory:

Hand Weapons
 i - a +0 whip (weapon)
Missiles
 k - 92 stones (quivered)
Armour
 j - a +0 pair of gloves (worn)
Scrolls
 h - 2 scrolls of teleportation
 o - a scroll of fog
Potions
 d - 5 potions of curing
 f - a potion of cancellation
 g - a potion of berserk rage
 l - 3 potions of haste
 m - 2 potions of heal wounds
 n - a potion of invisibility {unknown}
Comestibles
 a - a chunk of flesh
 b - 9 rations


   Skills:
 + Level 0.3 Fighting
 + Level 0.2 Maces & Flails
 + Level 1.9 Dodging
 + Level 2.0 Stealth
 + Level 2.5 Spellcasting
 + Level 4.9 Conjurations


You had 4 spell levels left.
You knew the following spells:

 Your Spells              Type           Power        Failure   Level  Hunger
a - Magic Dart            Conj           ###.         2%          1    #......
b - Searing Ray           Conj           ###...       4%          2    ##.....

Your spell library contained the following spells:

 Spells                   Type           Power        Failure   Level  Hunger
 Dazzling Flash           Conj/Hex       #.....       22%         3    ###....
 Fulminant Prism          Conj/Hex       #.........   58%         4    #####..
 Iskenderun's Mystic Bla  Conj/Tloc      #.......     58%         4    #####..


Dungeon Overview and Level Annotations

Branches:
Dungeon (3/15)

Altars:

Annotations:
D:3 Sigmund


Innate Abilities, Weirdness & Mutations

Your plain brown scales are hard. (AC +5)
You cannot fit into any form of body armour.
You are cold-blooded and may be slowed by cold attacks.


Message History

Unknown command.
Casting: Searing Ray (safe; 4% risk of failure)
Confirm with . or Enter, or press ? or * to list all spells.
You don't have enough magic to cast that spell.
Casting: Searing Ray (safe; 4% risk of failure)
Confirm with . or Enter, or press ? or * to list all spells.
Aiming: Magic Dart (safe; 2% risk of failure)
Press: ? - help, Shift-Dir - straight line, f - frilled lizard
Aim: a frilled lizard You miscast Magic Dart.
You are very lightly contaminated with residual magic.
Nothing appears to happen.
Something hits you!
The frilled lizard bites you but does no damage.
You hear some strange, mumbled words.
You are confused.
The frilled lizard bites you.
Some of the chunks of flesh in your inventory have rotted away.
Found an escape hatch in the floor.
You closely miss something. Something hits you!
You die...

############
#.[........#
#...?......#
#.........<########
..=................
#...^..........####
#......l....####
>.....{@..?......
#..........######
#########.## #.#
#$# ..# ###


You could see a frilled lizard.

Vanquished Creatures
  2 worms (D:2)
  A leopard gecko (D:1)
  6 bats
  2 giant cockroaches
  4 goblins
  A hobgoblin (D:1)
  3 jackals (D:1)
  2 quokkas (D:2)
  2 frilled lizards (D:1)
  6 kobolds
  24 rats
53 creatures vanquished.

Notes
Turn   | Place    | Note
-------+----------+-------------------------------------------
     0 | D:1      | funkygono the Draconian Conjurer began the quest for the
                  | Orb.
     0 | D:1      | Reached XP level 1. HP: 14/14 MP: 3/3
   397 | D:1      | Reached XP level 2. HP: 20/20 MP: 1/5
   704 | D:1      | Learned a level 2 spell: Searing Ray
  1280 | D:2      | Reached XP level 3. HP: 26/26 MP: 4/6
  2260 | D:3      | Noticed Sigmund
  2271 | D:3      | Slain by Sigmund

Illustrated notes

Levels and vault maps discovered:
D:1:      sevenhm_arrival_forest_fort_small_6, layout_loops_ring
D:2:      layout_basic, minmay_rat_hole
D:3:      layout_rooms, first_ration, serial_rivers,
          chequers_serial_rivers_small_b, chequers_serial_rivers_small_a,
          chequers_serial_rivers_micro_b, chequers_serial_rivers_micro_a,
          chequers_serial_rivers_small_3, biasface_ghost_orc_armoury,
          uniq_sigmund, uniq_ijyb

Skill      XL: |  1  2  3 |
---------------+----------+-----
Stealth        | 2 |  2.0
Fighting       | |  0.3
Maces & Flails | |  0.2
Dodging        | |  1.9
Spellcasting   | |  2.5
Conjurations   | |  4.9

Action                   || total
-------------------------++-------
Melee: Club              ||     2
       Unarmed           ||     2
       Tailslap          ||     3
       Whip              ||    23
 Cast: Magic Dart        ||    68
       Searing Ray       ||     4
  Use: Scroll            ||    12
  Eat: Chunk             ||     5
Armor: Skin              ||    13
Dodge: Dodged            ||    18
